 Dungeon Crawl Stone Soup version 0.18-a0-1685-g4482fe3 (webtiles) character file.

21548 Demise101 the Bludgeoner (level 12, 0/113 HPs)
             Began as a Minotaur Transmuter on Apr 4, 2016.
             Was a High Priest of Trog.
             Incinerated by a firespitter statue (5 damage)
             ... with a sticky flame
             ... in a volcano.
             The game lasted 00:31:54 (14773 turns).

Demise101 the Bludgeoner (Minotaur Transmuter)     Turns: 14773, Time: 00:31:54

Health: 0/113      AC: 26    Str: 19    XL:     12   Next: 55%
Magic:  13/13      EV:  9    Int: 10    God:    Trog [*****.]
Gold:   506        SH:  0    Dex: 17    Spells: 0 memorised, 13 levels left

rFire  . . .     SeeInvis .     s - +5 dire flail (crush)
rCold  + + .     Gourm    +     S - +1 plate armour {MR+}
rNeg   . . .     Faith    .     (shield currently unavailable)
rPois  .         Spirit   .     u - +2 hat {rC+}
rElec  .         Dismiss  .     x - +2 cloak {rC+}
rCorr  .         Reflect  .     l - +2 pair of gloves
SustAt +         Harm     .     b - +0 pair of boots
MR     +++..                    j - amulet of the gourmand
Stlth  ..........               A - ring of sustain attributes
                                I - +5 ring of dexterity

@: liquid flames, regenerating, glowing, extremely resistant to hostile
enchantments, extremely unstealthy
A: retaliatory headbutt, horns 2, blink
a: Blink, Berserk, Trog's Hand, Brothers in Arms, Burn Spellbooks, Renounce
Religion


You were in a volcano.
You worshipped Trog.
Trog was extremely pleased with you.
You were very full.

You visited 3 branches of the dungeon, and saw 16 of its levels.
You also visited: Bailey, Ice Cave and Volcano.

You collected 506 gold pieces.

Inventory:

Hand Weapons
 s - a +5 dire flail of crushing (weapon)
 O - a +0 dire flail of draining
Missiles
 h - 10 javelins (quivered)
Armour
 b - a +0 pair of boots (worn)
 l - a +2 pair of gloves (worn)
 u - a +2 hat of cold resistance (worn)
 x - a +2 cloak of cold resistance (worn)
 S - a +1 plate armour of magic resistance (worn)
Jewellery
 j - an amulet of the gourmand (around neck)
 A - a ring of sustain attributes (right hand)
 I - a +5 ring of dexterity (left hand)
Wands
 n - a wand of lightning (7/15)
 v - a wand of teleportation (9/9)
 y - a wand of iceblast (7/15)
 D - a wand of paralysis (0/24)
 E - a wand of lightning (10/15)
 F - a wand of paralysis (0/24)
 J - a wand of iceblast (5/15)
 K - a wand of paralysis (12/24)
 T - a wand of iceblast (1/15)
 W - a wand of random effects (16/48)
Scrolls
 c - 2 scrolls of recharging
 e - 6 scrolls of remove curse
 g - 2 scrolls of fear
 i - a scroll of enchant weapon
 r - 3 scrolls of teleportation
 P - a scroll of enchant armour
Potions
 a - a potion of berserk rage
 k - a potion of cancellation
 m - 2 potions of lignification
 o - 3 potions of magic
 w - a potion of brilliance
 z - a potion of heal wounds
 B - 9 potions of curing
 C - a potion of resistance
 G - a potion of flight
 L - 3 potions of ambrosia
 M - 2 potions of might
 U - 2 potions of haste
 Y - 3 potions of cure mutation {!q}
Books
 t - a book of Ice

   Spells                             Type                      Level
   a - Ice Form                       Ice/Transmutation            4
   b - Metabolic Englaciation         Hexes/Ice                    5
   c - Ozocubu's Refrigeration        Ice                          6
   d - Bolt of Cold                   Conjuration/Ice              6
   e - Freezing Cloud                 Conjuration/Ice/Air          6
   f - Simulacrum                     Ice/Necromancy               6
   Trog disapproves of the use of such an item.
Miscellaneous
 N - a fan of gales (inert)
Comestibles
 d - 7 bread rations
 f - 6 meat rations
 p - a royal jelly
 q - 3 beef jerkies
 H - 4 slices of pizza


   Skills:
 + Level 12.4 Fighting
 * Level 16.9 Maces & Flails
 - Level 11.0 Armour
 + Level 4.5 Dodging
 - Level 3.6 Unarmed Combat
 - Level 1.3 Spellcasting
   Level 1.5 Transmutations


You had 13 spell levels left.
You didn't know any spells.

Dungeon Overview and Level Annotations

Branches:
Dungeon (12/15)            Temple (1/1) D:5            Lair (3/8) D:9
    Orc (0/2) D:9
  Swamp: Lair:3-6    Shoals: Lair:3-6     Snake: Lair:3-6    Spider: Lair:3-6

Altars:
Ashenzari
Cheibriados
Dithmenos
Elyvilon
Fedhas
Gozag
Kikubaaqudgha
Makhleb
Nemelex Xobeh
Okawaru
Pakellas
Qazlal
Ru
Sif Muna
Trog
Vehumet
Xom
Yredelemnul
Zin
The Shining One

Annotations:
Lair:1 4 exclusions Volcano exclusion: 5 statues


Innate Abilities, Weirdness & Mutations

You reflexively headbutt those who attack you in melee.
You have a pair of horns on your head.
You can translocate small distances at will.


Message History

* * * LOW HITPOINT WARNING * * *
The firespitter statue throws magma at you.
The bolt of magma hits you!
* * * LOW HITPOINT WARNING * * *
Your skin crawls.
You feel resistant to hostile enchantments.
You feel slightly less full.
You are covered in liquid flames!
* * * LOW HITPOINT WARNING * * *
The firespitter statue throws fire at you.
The bolt of fire hits you!
* * * LOW HITPOINT WARNING * * *
The bolt of fire hits the firespitter statue.
The firespitter statue resists.
Unknown command.
Unknown command.
Unknown command.
Unknown command.
You are covered in liquid flames!
You die...

###########
#8#≈#8#≈#8#
#§#≈#≈#§#§###
##§#.#.#.#.#8#
#@#.#.#.#.#..#
#.#§#≈#≈#≈##.#
#.#8#≈#§#8##.#
..#########..#
####........##
#'######## #.#
##.## ..
#8.8##...


There were no monsters in sight!

Vanquished Creatures
  The ghost of slender the Transmogrifier, a journeyman TrTm of Cheibriados (IceCv)
  A hydra (Lair:2)
  A skeletal warrior (D:11)
  A hill giant (D:11)
  A necromancer (IceCv)
  The ghost of Username the Thaumaturge, a novice DECj of Vehumet (D:7)
  2 black mambas (Lair:2)
  An ice statue (IceCv)
  2 gargoyles (D:11)
  4 spiny frogs
  9 freezing wraiths (IceCv)
  A komodo dragon (Lair:2)
  2 trolls (D:11)
  2 two-headed ogres
  A wolf spider simulacrum (IceCv)
  Sigmund (D:6)
  9 yaks
  A basilisk (Lair:1)
  Eustachio (D:4)
  A fire bat (Volcano)
  2 hungry ghosts
  The ghost of Guenter the Shield-Bearer, an amateur FoFi (D:4)
  4 hippogriffs
  A steam dragon (D:9)
  A mottled dragon (D:12)
  Duvessa (D:5)
  A water moccasin (D:9)
  5 porcupines
  A sky beast (D:7)
  8 orc warriors
  7 ice beasts
  5 phantoms
  A black bear (D:5)
  A wasp (D:9)
  5 ogres
  11 wolves (Lair:2)
  2 centaurs
  3 crocodiles
  A big kobold (D:10)
  9 giant frogs
  Dowan (D:5)
  A scorpion (D:8)
  3 killer bees (D:8)
  4 wights (D:9)
  6 howler monkeys
  2 crimson imps
  4 draconian simulacra (IceCv)
  2 lava snakes (Volcano)
  2 giant frog zombies
  A giant frog skeleton (D:5)
  10 orc wizards
  5 centaur skeletons
  13 orc priests
  10 hounds
  5 iguanas
  7 worker ants
  A polar bear simulacrum (IceCv)
  6 troll simulacra (IceCv)
  2 wolf simulacra (IceCv)
  3 centaur simulacra (IceCv)
  A hound zombie (D:8)
  A hound skeleton (D:8)
  2 worker ant zombies
  13 adders
  4 gnolls
  2 howler monkey skeletons
  3 ogre simulacra (IceCv)
  4 naga simulacra (IceCv)
  A river rat (Lair:2)
  10 white imps (IceCv)
  An adder skeleton (D:5)
  5 worms
  2 giant geckos
  49 orcs
  5 bats
  10 giant cockroaches
  12 goblins
  6 hobgoblins
  2 jackals (D:4)
  12 kobolds
  4 quokkas
  3 ball pythons
  A giant cockroach zombie (D:6)
  A giant gecko skeleton (D:8)
  5 giant newts
  A jackal zombie (D:7)
  2 quokka zombies (D:5)
  5 rats
368 creatures vanquished.

Vanquished Creatures (collateral kills)
  A freezing wraith (IceCv)
  2 white imps (IceCv)
3 creatures vanquished.

Grand Total: 371 creatures vanquished

Notes
Turn   | Place    | Note
--------------------------------------------------------------
     0 | D:1      | Demise101 the Minotaur Transmuter began the quest for the Orb.
     0 | D:1      | Reached XP level 1. HP: 16/16 MP: 1/1
   347 | D:1      | Reached XP level 2. HP: 14/24 MP: 3/3
   539 | D:1      | Reached skill level 1 in Maces & Flails
  1097 | D:2      | Found a faded altar to an unknown god.
  1310 | D:2      | Found a white marble altar of Elyvilon.
  1325 | D:2      | Found a radiant altar of Vehumet.
  1381 | D:2      | Reached XP level 3. HP: 30/30 MP: 4/4
  1487 | D:2      | Reached skill level 2 in Maces & Flails
  2499 | D:3      | Reached skill level 3 in Maces & Flails
  2499 | D:3      | Reached XP level 4. HP: 37/37 MP: 5/5
  2907 | D:3      | Reached skill level 4 in Maces & Flails
  2907 | D:3      | Reached XP level 5. HP: 45/45 MP: 6/6
  3235 | D:3      | Reached skill level 5 in Maces & Flails
  3429 | D:4      | Found a blossoming altar of Fedhas.
  3533 | D:4      | Found a shadowy altar of Dithmenos.
  3700 | D:4      | Found an ancient bone altar of Kikubaaqudgha.
  3737 | D:4      | Noticed Eustachio
  3778 | D:4      | Killed Eustachio
  3778 | D:4      | Reached skill level 6 in Maces & Flails
  3778 | D:4      | Reached XP level 6. HP: 53/53 MP: 7/7
  4241 | D:4      | Found a glowing golden altar of the Shining One.
  4296 | D:4      | Found a deep blue altar of Sif Muna.
  4425 | D:4      | Noticed Guenter's ghost (amateur FoFi)
  4440 | D:4      | Killed Guenter's ghost
  4440 | D:4      | Reached skill level 5 in Fighting
  4440 | D:4      | Reached skill level 7 in Maces & Flails
  4440 | D:4      | Reached XP level 7. HP: 43/61 MP: 8/8
  4554 | D:5      | Entered Level 5 of the Dungeon
  4566 | D:5      | Reached skill level 1 in Armour
  4691 | D:5      | Noticed a two-headed ogre
  4945 | D:5      | Found a staircase to the Ecumenical Temple.
  4948 | D:5      | Noticed Duvessa
  4954 | D:5      | Noticed Dowan
  4961 | Temple   | Entered the Ecumenical Temple
  5038 | Temple   | Became a worshipper of Trog the Wrathful
  5052 | D:5      | Killed Duvessa
  5052 | D:5      | Reached skill level 8 in Maces & Flails
  5057 | D:5      | Killed Dowan
  5134 | D:5      | Reached XP level 8. HP: 52/70 MP: 9/9
  5423 | D:5      | Killed a two-headed ogre
  5423 | D:5      | Reached skill level 9 in Maces & Flails
  5866 | D:6      | Found a basalt altar of Yredelemnul.
  6173 | D:6      | Found an opulent altar of Gozag.
  6184 | D:6      | Noticed Sigmund
  6188 | D:6      | Killed Sigmund
  6188 | D:6      | Reached skill level 10 in Maces & Flails
  6461 | D:7      | Reached * piety under Trog
  6521 | D:7      | Found a flagged portal.
  6580 | D:7      | Reached skill level 5 in Armour
  6580 | D:7      | Reached XP level 9. HP: 73/79 MP: 10/10
  6683 | D:7      | Noticed Username's ghost (novice DECj)
  6693 | D:7      | Killed Username's ghost
  6693 | D:7      | Reached skill level 11 in Maces & Flails
  6804 | Bailey   | Entered a bailey
  6950 | Bailey   | Found a burning altar of Makhleb.
  7175 | D:7      | Reached ** piety under Trog
  7503 | D:7      | Reached skill level 12 in Maces & Flails
  7560 | D:7      | Found a stormy altar of Qazlal.
  7818 | D:8      | Found a shattered altar of Ashenzari.
  8108 | D:8      | Reached XP level 10. HP: 91/91 MP: 11/11
  8346 | D:8      | Found a shimmering altar of Xom.
  8719 | D:8      | Found an oddly glowing altar of Pakellas.
  8730 | D:8      | Reached *** piety under Trog
  9224 | D:9      | Found a snail-covered altar of Cheibriados.
  9372 | D:9      | Reached skill level 13 in Maces & Flails
  9410 | D:9      | Found a staircase to the Orcish Mines.
  9613 | D:9      | Found a staircase to the Lair.
  9673 | D:9      | You fall through a shaft for 3 floors!
 10115 | D:12     | Reached skill level 10 in Fighting
 10166 | D:12     | Noticed a skeletal warrior
 10168 | D:12     | Noticed a skeletal warrior
 10168 | D:12     | Noticed a skeletal warrior
 10181 | D:11     | Killed a skeletal warrior
 10181 | D:11     | Reached skill level 14 in Maces & Flails
 10234 | D:11     | Reached XP level 11. HP: 73/101 MP: 12/12
 10489 | D:11     | Noticed a hill giant
 10517 | D:11     | Killed a hill giant
 10520 | D:11     | Reached **** piety under Trog
 10686 | D:10     | Entered Level 10 of the Dungeon
 10734 | D:10     | Gained mutation: You can translocate small distances at will. [potion of beneficial mutation]
 10837 | Lair:1   | Entered Level 1 of the Lair of Beasts
 10859 | Lair:1   | Reached skill level 15 in Maces & Flails
 10861 | Lair:1   | Reached skill level 10 in Armour
 10944 | Lair:1   | Found a frozen archway.
 10958 | IceCv    | Entered an ice cave
 11724 | IceCv    | Found an ancient bone altar of Kikubaaqudgha.
 11725 | IceCv    | Noticed slender's ghost (journeyman TrTm)
 12058 | IceCv    | Noticed a necromancer
 12064 | IceCv    | Killed a necromancer
 12064 | IceCv    | Reached skill level 16 in Maces & Flails
 12064 | IceCv    | Reached XP level 12. HP: 84/111 MP: 13/13
 12198 | IceCv    | Killed slender's ghost
 12721 | Lair:1   | Identified a scroll of acquirement
 13452 | Lair:2   | Reached ***** piety under Trog
 13900 | Lair:2   | Noticed a four-headed hydra
 13913 | Lair:2   | Killed a four-headed hydra
 14610 | Lair:3   | Found a dark tunnel.
 14623 | Volcano  | Entered a volcano
 14772 | Volcano  | HP: 5/113 [firespitter statue/bolt of fire (6)]
 14773 | Volcano  | Incinerated by a firespitter statue

Vault maps used:
D:1:      wheals_arrival_linesprint
D:2:      vehumet_crystals, elyvilon_altar_5, ecumenical_altar_1, first_bread
D:3:      kennysheep_big_flooded_room
D:4:      lemuel_round_altar, tso_altar, kiku_gazebo_pond_becter,
          grunt_temple_overflow_open, uniq_eustachio
D:5:      minmay_temple_entry_mist, uniq_duvessa
D:6:      lemuel_coloured_pillars_altar, grunt_gozag_statues,
          corexii_corridor_pit, uniq_sigmund
D:7:      grunt_qazlal_sundering, enter_bailey_8
D:8:      ashenzari_conservatory_becter, lemuel_round_altar,
          lemuel_crystal_altar
D:9:      lair_0_dummy, david_orc_3, basic_altar
D:10:     kennysheep_doodads
D:11:     serial_shops, shop
D:12:     lab_entry_generic, grunt_livestock, eino_house_with_fridge
Temple:   temple_island_7
Lair:1:   portal_ice_cave_entry_pillars_01, serial_bayou_shore_a
Lair:2:   beast_lair_carwin_large_4, columned_hall_lemuel, lemuel_old_faithful
Lair:3:   nicolae_volcano_entry_lava_flow
Bailey:   bailey_axe_3, bailey
IceCv:    ice_cave_small_necro
Volcano:  volcano_grotto

Skill      XL: |  1  2  3  4  5  6  7  8  9 10 11 12 |
---------------+-------------------------------------+-----
Fighting       | 2 3 4 5 7 9 10 11 12 | 12.4
Maces & Flails | 1 3 4 6 7 8 10 12 14 16 | 16.9
Armour         | 2 5 7 8 10 11 | 11.0
Dodging        | 4 |  4.5
Unarmed Combat | |  3.6
Spellcasting   | |  1.3
Transmutations | |  1.5

Action                   |  1- 3 |  4- 6 |  7- 9 | 10-12 || total
-------------------------+-------+-------+-------+-------++-------
Melee: Unarmed           |    28 |       |       |       ||    28
       Whip              |    93 |    32 |       |       ||   125
       Flail             |       |   128 |    86 |       ||   214
       Dire flail        |       |       |   220 |   581 ||   801
Throw: Javelin           |     1 |       |       |       ||     1
Invok: Burn Spellbooks   |       |       |     1 |     3 ||     4
       Berserk           |       |       |       |    13 ||    13
       Trog's Hand       |       |       |       |     6 ||     6
Evoke: Wand              |       |     7 |    11 |     6 ||    24
       Fan of gales      |       |       |       |     1 ||     1
  Use: Scroll            |     9 |     5 |     9 |    15 ||    38
       Potion            |       |     1 |     1 |     3 ||     5
 Stab: Sleeping          |     1 |       |       |       ||     1
       Paralysed         |       |     5 |     6 |       ||    11
  Eat: Chunk             |     6 |     7 |    20 |    39 ||    72
       Bread ration      |       |       |       |     1 ||     1
